 Dungeon Crawl Stone Soup version 0.32-a0-913-g739538afd8 (webtiles) character file.

Game seed: 5870296407827382487

7886 Kiciri the Skirmisher (level 11, -4/86 HPs)
             Began as a Gnoll Hunter on Apr 8, 2024.
             Was a High Priest of Fedhas.
             Slain by a vampire mosquito (10 damage)
             ... on level 9 of the Dungeon.
             The game lasted 00:23:58 (9772 turns).

Kiciri the Skirmisher (Gnoll Hunter)                Turns: 9772, Time: 00:23:59

Health: -4/86      AC:  8    Str: 10    XL:     11   Next: 22%
Magic:  20/20      EV: 21    Int:  9    God:    Fedhas [*****.]
Gold:   78         SH:  0    Dex: 20    Spells: 22/22 levels left

rFire   . . .        b - +8 morningstar (freeze)
rCold   . . .        (no shield)
rNeg    . . .        J - +1 steam dragon scales
rPois   .            (no helmet)
rElec   .            (no cloak)
rCorr   +            (no gloves)
SInv    .            z - +0 pair of boots
Will    .....        (no amulet)
Stlth   ++++         x - +5 ring of evasion
HPRegen 0.34/turn    j - ring of resist corrosion
MPRegen 0.17/turn

%: no passive effects
@: no status effects
A: fangs 1, strong nose, distributed training
a: Renounce Religion, Wall of Briars, Grow Ballistomycete, Overgrow, Grow Oklob


You were on level 9 of the Dungeon.
You worshipped Fedhas.
Fedhas was extremely pleased with you.
You visited 1 branch of the dungeon, and saw 10 of its levels.

You collected 470 gold pieces.
You spent 392 gold pieces at shops.

Inventory:

Hand Weapons
 a - a +0 orcbow
 b - a +8 morningstar of freezing (weapon)
 c - a +2 dagger of venom
 r - a +2 antimagic halberd
 A - a +0 halberd of venom
 C - a +3 trident of freezing
Missiles
 H - 19 poisoned darts
 O - 2 throwing nets
Armour
 o - a +3 scale mail of positive energy
 q - the +1 robe of Patterns {Regen+ Str-5 Stlth+ Archmagi}
   (You found it on level 2 of the Dungeon)

   Str-5:     It affects your strength (-5).
   Regen+:    It increases your rate of health regeneration.
   Stlth+:    It makes you more stealthy.
   Archmagi:  It increases the power of your magical spells.
 z - a +0 pair of boots (worn)
 D - a +2 leather armour of fire resistance
 E - an orb of energy
 J - +1 steam dragon scales (worn)
Magical Staves
 B - a staff of alchemy
Jewellery
 j - a ring of resist corrosion (right hand)
 x - a +5 ring of evasion (left hand)
 F - a ring of wizardry
 M - a +6 ring of strength
 N - a ring of magical power
Wands
 s - a wand of acid (11)
 L - a wand of roots (8)
Scrolls
 d - 3 scrolls of enchant weapon
 f - 2 scrolls of butterflies
 g - a scroll of immolation
 h - 6 scrolls of teleportation
 i - 3 scrolls of identify {@r1}
 m - 2 scrolls of poison
 p - a scroll of vulnerability
 u - a scroll of enchant armour
 y - 3 scrolls of blinking
 G - 2 scrolls of fear
 I - 2 scrolls of fog
Potions
 e - a potion of might
 k - 2 potions of berserk rage {unknown}
 l - 2 potions of heal wounds
 n - 4 potions of curing
 t - a potion of brilliance {unknown}
 v - a potion of cancellation {unknown}
 w - a potion of enlightenment {unknown}
 K - 2 potions of attraction {unknown}


   Skills:
 + Level 7.9 Fighting
 + Level 6.3 Short Blades
 + Level 6.3 Long Blades
 + Level 6.3 Axes
 + Level 6.3 Maces & Flails
 + Level 6.3 Polearms
 + Level 6.3 Staves
 + Level 10.6 Ranged Weapons
 + Level 6.3 Throwing
 + Level 6.3 Armour
 + Level 7.9 Dodging
 + Level 6.8 Stealth
 + Level 6.3 Shields
 + Level 6.3 Unarmed Combat
 + Level 6.3 Spellcasting
 + Level 5.2 Conjurations
 + Level 5.2 Hexes
 + Level 5.2 Summonings
 + Level 5.2 Necromancy
 + Level 5.2 Translocations
 + Level 5.2 Fire Magic
 + Level 5.2 Ice Magic
 + Level 5.2 Air Magic
 + Level 5.2 Earth Magic
 + Level 5.2 Alchemy
 + Level 6.9 Invocations
 + Level 6.3 Evocations
 + Level 5.7 Shapeshifting


You had 22 spell levels left.
You didn't know any spells.
Your spell library contained the following spells:

 Spells                   Type           Power      Damage    Failure   Level
 Slow                     Hex            48%        N/A       2%          1
 Sublimation of Blood     Necr           12%        N/A       3%          2
 Confusing Touch          Hex            12%        N/A       8%          3
 Vampiric Draining        Necr           12%        2d6       8%          3
 Petrify                  Alch/Erth      12%        N/A       26%         4
 Irradiate                Conj/Alch      6%         3d13      56%         5


Dungeon Overview and Level Annotations

Branches:
Dungeon (10/15)            Temple (0/1) D:4            Lair (0/5) D:9
    Orc: D:9-12

Altars:
Fedhas
Gozag
Nemelex Xobeh
Ru
Yredelemnul
The Shining One

Shops:
D:1 *   D:3 !   D:8 [[(*

Annotations:
D:3 exclusion: door
D:8 exclusions: door and two-headed ogre
D:9 3 runed translucent doors, exclusion: 3 doors, P0WERM0DE's ghost, novice CoCK


Innate Abilities, Weirdness & Mutations

You have very sharp teeth.
Your uncanny sense of smell can sniff out nearby items.
Your experience applies equally to all skills.


Message History

The vampire mosquito draws strength from your injuries!
The vampire mosquito closely misses you.
The vampire mosquito attacks as it pursues you!
The vampire mosquito misses you.
The vampire mosquito bites you but does no damage.
The vampire mosquito closely misses you.
The vampire mosquito completely misses you.
The vampire mosquito barely misses you.
A nearby plant withers and dies.
The vampire mosquito misses you. x2
The vampire mosquito attacks as it pursues you!
The vampire mosquito misses you.
The vampire mosquito attacks as it pursues you!
The vampire mosquito closely misses you.
The vampire mosquito misses you.
The vampire mosquito completely misses you.
The vampire mosquito barely misses you. The vampire mosquito misses you.
The vampire mosquito misses you.
The vampire mosquito completely misses you.
The vampire mosquito bites you.
* * * LOW HITPOINT WARNING * * *
The vampire mosquito draws strength from your injuries!
The vampire mosquito attacks as it pursues you!
The vampire mosquito bites you.
* * * LOW HITPOINT WARNING * * *
The vampire mosquito draws strength from your injuries!
The vampire mosquito bites you.
* * * LOW HITPOINT WARNING * * *
The vampire mosquito draws strength from your injuries!
The vampire mosquito closely misses you.
There is a stone staircase leading up, spattered with blood here.
The vampire mosquito barely misses you.
The vampire mosquito bites you but does no damage.
The vampire mosquito barely misses you.
The vampire mosquito bites you but does no damage.
The vampire mosquito bites you!
* * * LOW HITPOINT WARNING * * *
The vampire mosquito draws strength from your injuries!
The vampire mosquito bites you!
You die...
Fedhas appreciates your contribution to the ecosystem.

.#..##........###..♣..P.........[
#.#..##.......##................>
._.#..###..................P.....
#.#..##................P>...P....
.#..##........................♣..
...##...................P.♣......
#.##............#.P........P.....
###..####.#.##.÷#y....♣........##
.#..#..#...####.@y....P........##
.#.....#..###....y##.P...........
...#...#..#..............P.###...
#..........##÷##......)....##...#
#.......####...###......#.......#
#...#..####♣...♣##..÷##.........#
#######..#.......##.##......#...#
#..#.<.♣.<.##.###....####..
####......÷#...####### ##.


You could see 3 vampire mosquitoes.

Vanquished Creatures
  A troll (D:7)
  4 wyverns
  5 yaks (D:8)
  Eustachio (D:5)
  2 basilisks (D:9)
  A steam dragon (D:8)
  An acid dragon (D:10)
  A sky beast (D:6)
  3 water moccasins
  2 black bears
  6 orc warriors
  6 ogres
  3 wolves (D:9)
  6 centaurs
  A phantom (D:5)
  A kobold brigand (D:9)
  4 bullfrogs
  4 scorpions
  17 wights
  20 killer bees
  A howler monkey (D:6)
  7 orc priests
  2 jellies
  4 hounds
  A bombardier beetle (D:5)
  Terence (D:2)
  Natasha (thrice) (D:2)
  3 iguanas
  3 orc wizards
  5 gnolls (D:5)
  9 adders
  A shadow imp (D:7)
  2 ufetubi (D:6)
  4 dart slugs
  A ribbon worm (D:2)
  28 orcs
  6 ball pythons
  5 endoplasms
  4 giant cockroaches
  4 hobgoblins
  8 kobolds
  4 quokkas
  11 bats
  6 frilled lizards
  7 goblins
  4 rats
223 creatures vanquished.

Vanquished Creatures (collateral kills)
  A gnoll bouda (D:5)
  2 gnolls (D:5)
3 creatures vanquished.

Grand Total: 226 creatures vanquished

Notes
Turn   | Place    | Note
-------+----------+-------------------------------------------
     0 | D:1      | Kiciri the Gnoll Hunter began the quest for the Orb.
     0 | D:1      | Reached XP level 1. HP: 20/20 MP: 1/1
   106 | D:1      | Reached XP level 2. HP: 26/26 MP: 2/2
   201 | D:1      | Found a faded altar of an unknown god.
   304 | D:1      | Found Guusou's General Store.
   312 | D:1      | Bought a scroll of teleportation for 42 gold pieces
   325 | D:1      | Reached XP level 3. HP: 31/31 MP: 3/3
   892 | D:1      | Prayed at the altar of an unknown god.
   892 | D:1      | Became a worshipper of Fedhas Madash
   892 | D:1      | Reached * piety under Fedhas
   948 | D:2      | Reached skill level 1 in Invocations
  1012 | D:2      | Reached skill level 1 in Short Blades
  1012 | D:2      | Reached skill level 1 in Long Blades
  1012 | D:2      | Reached skill level 1 in Axes
  1012 | D:2      | Reached skill level 1 in Maces & Flails
  1012 | D:2      | Reached skill level 1 in Polearms
  1012 | D:2      | Reached skill level 1 in Staves
  1012 | D:2      | Reached skill level 1 in Throwing
  1012 | D:2      | Reached skill level 1 in Armour
  1012 | D:2      | Reached skill level 1 in Shields
  1012 | D:2      | Reached skill level 1 in Unarmed Combat
  1012 | D:2      | Reached skill level 1 in Spellcasting
  1012 | D:2      | Reached skill level 1 in Evocations
  1235 | D:2      | Reached skill level 1 in Shapeshifting
  1235 | D:2      | Reached XP level 4. HP: 38/38 MP: 5/5
  1302 | D:2      | Noticed Natasha
  1306 | D:2      | Killed Natasha
  1307 | D:2      | Reached skill level 1 in Conjurations
  1307 | D:2      | Reached skill level 1 in Hexes
  1307 | D:2      | Reached skill level 1 in Summonings
  1307 | D:2      | Reached skill level 1 in Necromancy
  1307 | D:2      | Reached skill level 1 in Translocations
  1307 | D:2      | Reached skill level 1 in Fire Magic
  1307 | D:2      | Reached skill level 1 in Ice Magic
  1307 | D:2      | Reached skill level 1 in Air Magic
  1307 | D:2      | Reached skill level 1 in Earth Magic
  1307 | D:2      | Reached skill level 1 in Alchemy
  1332 | D:2      | Noticed Natasha
  1340 | D:2      | Killed Natasha
  1341 | D:2      | Reached XP level 5. HP: 31/43 MP: 5/7
  1416 | D:2      | Reached ** piety under Fedhas
  1511 | D:2      | Noticed Terence
  1523 | D:2      | Killed Terence
  1682 | D:2      | Noticed Natasha
  1691 | D:2      | Killed Natasha
  1769 | D:2      | Identified the +1 robe of Patterns {Regen+ Str-5 Stlth+
                  | Archmagi}
  1853 | D:1      | Bought a potion of curing for 42 gold pieces
  1853 | D:1      | Bought a scroll of identify for 28 gold pieces
  2205 | D:3      | Found a basalt altar of Yredelemnul.
  2205 | D:3      | Noticed a weeping skull
  2338 | D:3      | Found Vaneacvi's Distillery.
  2346 | D:3      | Bought a potion of degeneration for 14 gold pieces
  2346 | D:3      | Bought a potion of heal wounds for 70 gold pieces
  2654 | D:4      | Noticed an ogre
  2665 | D:4      | Killed an ogre
  2666 | D:4      | Reached skill level 5 in Fighting
  2666 | D:4      | Reached skill level 5 in Dodging
  2666 | D:4      | Reached XP level 6. HP: 51/51 MP: 7/9
  2748 | D:4      | Found a staircase to the Ecumenical Temple.
  2820 | D:4      | Found a sacrificial altar of Ru.
  2919 | D:4      | Reached XP level 7. HP: 56/56 MP: 10/10
  3419 | D:3      | Reached skill level 9 in Ranged Weapons
  3613 | D:5      | Entered Level 5 of the Dungeon
  3775 | D:5      | Reached XP level 8. HP: 61/63 MP: 12/12
  4084 | D:5      | Noticed Eustachio
  4122 | D:5      | Killed Eustachio
  4604 | D:6      | Reached XP level 9. HP: 65/69 MP: 13/15
  4734 | D:6      | Reached *** piety under Fedhas
  5702 | D:7      | Reached skill level 5 in Stealth
  5824 | D:7      | Noticed a troll
  5856 | D:7      | Killed a troll
  5857 | D:7      | Reached skill level 5 in Invocations
  6321 | D:8      | Found Giagi's Weapon Shoppe.
  6375 | D:8      | Bought 4 poisoned darts for 28 gold pieces
  6379 | D:8      | Reached **** piety under Fedhas
  6425 | D:8      | Reached skill level 5 in Short Blades
  6425 | D:8      | Reached skill level 5 in Long Blades
  6425 | D:8      | Reached skill level 5 in Axes
  6425 | D:8      | Reached skill level 5 in Maces & Flails
  6425 | D:8      | Reached skill level 5 in Polearms
  6425 | D:8      | Reached skill level 5 in Staves
  6425 | D:8      | Reached skill level 5 in Throwing
  6425 | D:8      | Reached skill level 5 in Armour
  6425 | D:8      | Reached skill level 5 in Shields
  6425 | D:8      | Reached skill level 5 in Unarmed Combat
  6425 | D:8      | Reached skill level 5 in Spellcasting
  6425 | D:8      | Reached skill level 5 in Evocations
  6425 | D:8      | Reached XP level 10. HP: 49/75 MP: 17/17
  6481 | D:8      | You fall into a shaft and drop 1 floor!
  6494 | D:8      | Reached skill level 10 in Ranged Weapons
  6612 | D:8      | Noticed a six-headed hydra
  6743 | D:8      | Found Hitevyd's Antique Armour Shop.
  6863 | D:8      | Noticed a two-headed ogre
  6898 | D:8      | Found Meleg's General Store.
  6901 | D:8      | Bought a scroll of blinking for 112 gold pieces
  7016 | D:8      | Found Kitoth's Magic Scroll Boutique.
  7105 | D:8      | Found a sparkling altar of Nemelex Xobeh.
  7105 | D:8      | Found an opulent altar of Gozag.
  7138 | D:8      | Found Wuihi June's Armour Boutique.
  7464 | D:1      | Bought a scroll of poison for 56 gold pieces
  7664 | D:9      | Reached skill level 5 in Shapeshifting
  7716 | D:9      | Found a staircase to the Lair.
  7895 | D:9      | Found a glowing golden altar of the Shining One.
  7935 | D:9      | Found a runed translucent gate.
  8357 | D:8      | Reached skill level 5 in Conjurations
  8357 | D:8      | Reached skill level 5 in Hexes
  8357 | D:8      | Reached skill level 5 in Summonings
  8357 | D:8      | Reached skill level 5 in Necromancy
  8357 | D:8      | Reached skill level 5 in Translocations
  8357 | D:8      | Reached skill level 5 in Fire Magic
  8357 | D:8      | Reached skill level 5 in Ice Magic
  8357 | D:8      | Reached skill level 5 in Air Magic
  8357 | D:8      | Reached skill level 5 in Earth Magic
  8357 | D:8      | Reached skill level 5 in Alchemy
  8360 | D:8      | Reached XP level 11. HP: 73/85 MP: 20/20
  8903 | D:9      | Reached ***** piety under Fedhas
  9293 | D:9      | Found a runed translucent gate.
  9293 | D:9      | Found a runed translucent gate.
  9293 | D:9      | Noticed P0WERM0DE's ghost (novice CoCK)
  9460 | D:10     | Entered Level 10 of the Dungeon
  9704 | D:10     | Noticed a two-headed ogre
  9772 | D:9      | Slain by a vampire mosquito

Illustrated notes

Levels and vault maps discovered:
D:1:      giann_forest_graveyard, layout_basic,
          chequers_ecumenical_altar_island, serial_shops, shop,
          minmay_strange_pillars, corner_web_ring,
          hangedman_abyss_or_decor_lesser_grid
D:2:      layout_basic, uniq_terence, uniq_natasha
D:3:      layout_basic, yredelemnul_forgotten_temple_becter, serial_shops,
          nicolae_shop_getting_attention, nicolae_figureground_sparkle
D:4:      layout_cave_pools, nicolae_ru_sacrificial_ziggurat,
          minmay_temple_entry_overgrown, nicolae_half_adder
D:5:      layout_basic, minmay_holes, uniq_eustachio
D:6:      layout_basic
D:7:      layout_basic, grunt_ministairs_11, kennysheep_generic_room_14
D:8:      layout_loops_cross, grunt_temple_overflow_opulence, serial_shops,
          nicolae_shop_pleasant_corner_grove, nicolae_shop_bloodbath_and_beyond,
          nicolae_lakefront_shop, kennysheep_mini,
          nicolae_shop_overgrown_old_shop, kennysheep_just_a_vault
D:9:      layout_cave_pools, tso_metal_star, minmay_lair_entry_grove,
          gammafunk_ghost_necromancy, roderic_batcave, grunt_ministairs_7
D:10:     layout_gridville, general_overflow_altar, david_orc_2, special_room
          [special_room_orc], uniq_joseph

Skill      XL: |  1  2  3  4  5  6  7  8  9 10 |
---------------+-------------------------------+-----
Invocations    | 1 2 3 4 5 6 |  6.9
Short Blades   | 1 2 3 4 5 6 |  6.3
Long Blades    | 1 2 3 4 5 6 |  6.3
Axes           | 1 2 3 4 5 6 |  6.3
Maces & Flails | 1 2 3 4 5 6 |  6.3
Polearms       | 1 2 3 4 5 6 |  6.3
Staves         | 1 2 3 4 5 6 |  6.3
Throwing       | 1 2 3 4 5 6 |  6.3
Armour         | 1 2 3 4 5 6 |  6.3
Shields        | 1 2 3 4 5 6 |  6.3
Unarmed Combat | 1 2 3 4 5 6 |  6.3
Spellcasting   | 1 2 3 4 5 6 |  6.3
Evocations     | 1 2 3 4 5 6 |  6.3
Shapeshifting  | 1 2 3 4 5 |  5.7
Conjurations   | 1 2 3 4 5 |  5.2
Hexes          | 1 2 3 4 5 |  5.2
Summonings     | 1 2 3 4 5 |  5.2
Necromancy     | 1 2 3 4 5 |  5.2
Translocations | 1 2 3 4 5 |  5.2
Fire Magic     | 1 2 3 4 5 |  5.2
Ice Magic      | 1 2 3 4 5 |  5.2
Air Magic      | 1 2 3 4 5 |  5.2
Earth Magic    | 1 2 3 4 5 |  5.2
Alchemy        | 1 2 3 4 5 |  5.2
Fighting       | 5 6 7 |  7.9
Dodging        | 5 6 7 |  7.9
Stealth        | 3 4 5 6 |  6.8
Ranged Weapons | 9 10 | 10.6

Action                     |  1- 3 |  4- 6 |  7- 9 | 10-12 || total
---------------------------+-------+-------+-------+-------++-------
  Melee: Dagger            |    17 |    30 |   205 |   212 ||   464
         Bite              |     3 |     1 |    40 |    38 ||    82
         Flail             |       |       |    40 |       ||    40
         Trident           |       |       |     9 |       ||     9
         Halberd           |       |       |     6 |    41 ||    47
         Morningstar       |       |       |       |    17 ||    17
   Fire: Shortbow          |    67 |    80 |   173 |       ||   320
         Orcbow            |       |       |    18 |   128 ||   146
 Invoke: Wall of Briars    |       |       |     1 |       ||     1
    Use: Potion            |       |       |     3 |       ||     3
         Scroll            |       |       |     1 |    12 ||    13
   Stab: Sleeping          |       |       |     5 |     1 ||     6
 Armour: Leather armour    |    12 |    15 |       |       ||    27
         Robe              |       |     7 |   117 |   105 ||   229
         Steam dragon scal |       |       |       |    75 ||    75
  Dodge: Dodged            |    13 |    20 |   290 |   407 ||   730

Table legend: (Time is in decaauts)
 A = Elapsed time spent in this place.
 B = Non-inter-level travel time spent in this place.
 C = Inter-level travel time spent in this place.
 D = Time resting spent in this place.
 E = Time spent auto-exploring this place.
 F = Levels seen in this place.
 G = Mean time per level.
                   A        B        C        D        E       F      G
               +--------+--------+--------+--------+--------+-----+--------+
         Total |   9652 |   8694 |    958 |    625 |   5766 |  10 |  965.2 |
       Dungeon |   9652 |   8694 |    958 |    625 |   5766 |  10 |  965.2 |
               +--------+--------+--------+--------+--------+-----+--------+

Top non-repeatable levels by time:
     D:8: 1538 daAuts
     D:9: 1360 daAuts
     D:7: 1133 daAuts
     D:1: 1084 daAuts
     D:2: 1004 daAuts
     D:4: 939 daAuts
     D:5: 822 daAuts
     D:3: 784 daAuts
     D:6: 740 daAuts
    D:10: 246 daAuts
